 Dungeon Crawl Stone Soup version 0.20.0-10-g0535bb4 (webtiles) character file.

3 Manul the Ducker (level 1, -1/11 HPs)
             Began as a Spriggan Abyssal Knight on June 4, 2017.
             Was an Initiate of Lugonu.
             Slain by a hobgoblin (4 damage)
             ... on level 1 of the Dungeon.
             The game lasted 00:01:19 (780 turns).

Manul the Ducker (Spriggan Abyssal Knight)           Turns: 780, Time: 00:01:19

Health: -1/11      AC:  2    Str: 11    XL:     1   Next: 41%
Magic:  3/3        EV: 19    Int: 13    God:    Lugonu [......]
Gold:   164        SH:  0    Dex: 15    Spells: 0/0 levels left

rFire    . . .     SeeInvis +   a - +1 short sword
rCold    + . .     Gourm    .   (shield restricted)
rNeg     . . .     Faith    .   b - +0 robe
rPois    .         Spirit   .   (helmet restricted)
rElec    .         Reflect  .   (no cloak)
rCorr    .         Harm     .   (gloves unavailable)
MR       .....                  (boots unavailable)
Stlth    +.........             (no amulet)
Regen    0.1/turn               e - +3 ring of strength
MPRegen  0.1/turn               (no ring)

@: very quick
A: unfitting armour, see invisible, cold resistance 1, deterioration 1,
herbivore 3, speed 3, slow metabolism 2
a: Renounce Religion


You were on level 1 of the Dungeon.
You worshipped Lugonu.
Lugonu was noncommittal.
You were not hungry.

You visited 1 branch of the dungeon, and saw 1 of its levels.
You visited the Abyss 1 time.

You collected 164 gold pieces.

Inventory:

Hand Weapons
 a - a +1 short sword (weapon)
Missiles
 h - 26 arrows
Armour
 b - a +0 robe (worn)
Jewellery
 e - a +3 ring of strength (left hand)
Wands
 j - a wand of digging (18/24)
Scrolls
 g - a scroll of immolation
 k - 2 scrolls of identify
 l - a scroll of teleportation
 m - 2 scrolls of remove curse
 n - a scroll of enchant armour {unknown}
Potions
 d - 2 potions of mutation {unknown}
 f - a potion of haste {unknown}
 i - a potion of magic {unknown}
Comestibles
 c - a bread ration


   Skills:
 + Level 2.5 Fighting
 + Level 2.2 Short Blades
 + Level 3.6 Dodging
 + Level 1.7 Invocations


You couldn't memorise any spells.
You didn't know any spells.

Dungeon Overview and Level Annotations

Branches:
Dungeon (1/15)

Altars:


Innate Abilities, Weirdness & Mutations

You are very small and have problems with some larger weapons.
You are too small for most types of armour.
You have supernaturally acute eyesight. (SInv)
You are a herbivore.
You cover ground extremely quickly.
You need consume almost no food.
Your flesh is cold resistant. (rC+)
Your body sometimes deteriorates upon taking damage.


Message History

The hobgoblin hits you.
You barely miss the kobold. The hobgoblin barely misses you.
The kobold hits you with a dagger.
* * * LOW HITPOINT WARNING * * *
You are too injured to fight recklessly!
You are too injured to fight recklessly!
You are too injured to fight recklessly!
You are too injured to fight recklessly!
You are too injured to fight recklessly!
You are too injured to fight recklessly!
You are too injured to fight recklessly!
You are too injured to fight recklessly!
You are too injured to fight recklessly!
You are too injured to fight recklessly!
Unknown command.
There is an open door here.
You hit the hobgoblin.
The hobgoblin is moderately wounded.
The hobgoblin hits you.
You die...

..........#....
...#######..#..
#####+#...######..#.#.
#.......#.#......#...#
#.......#.#.#####.....
#.......#.#..#........
#....K..#..#..#....<..
#####g###..#..#.......
#..@.......#........
##.).####..#####.....
#....# #.......#...#
#...## #........#.#.
#...# ######..(.#..
#...# ##...... #...#
#....... #...#
#...#### #...# #...#


You could see a hobgoblin and a kobold.

Vanquished Creatures
  A hobgoblin (D:1)
  A bat (D:1)
  2 kobolds (D:1)
4 creatures vanquished.

Notes
Turn   | Place    | Note
-------+----------+-------------------------------------------
     0 | Abyss:1  | Manul the Spriggan Abyssal Knight began the quest for the Orb.
     0 | Abyss:1  | Reached XP level 1. HP: 11/11 MP: 3/3
   117 | Abyss:1  | Noticed a smoke demon
   195 | Abyss:2  | Noticed a neqoxec
   227 | Abyss:2  | Gained mutation: Your flesh is cold resistant. (rC+) [a neqoxec]
   228 | Abyss:2  | Gained mutation: Your body sometimes deteriorates upon taking damage. [a neqoxec]
   265 | Abyss:3  | Noticed an ice dragon
   304 | Abyss:3  | Noticed a sixfirhy
   325 | Abyss:3  | Noticed a raiju
   326 | Abyss:3  | Noticed a raiju
   326 | Abyss:3  | Noticed a raiju
   329 | Abyss:3  | Noticed a raiju
   346 | Abyss:3  | Noticed a small abomination
   355 | D:1      | Escaped the Abyss
   780 | D:1      | Slain by a hobgoblin

Action                   || total
-------------------------++-------
Melee: Short sword       ||    11
Invok: Depart the Abyss  ||     1
  Use: Scroll            ||     3
 Stab: Sleeping          ||     2
Dodge: Dodged            ||    15
